 Dungeon Crawl Stone Soup version 0.26-a0-665-gefeb406119 (webtiles) character file.

Game seed: 8080974485940785926

113 Decritt the Gusty (level 4, -4/24 HPs)
             Began as a Tengu Air Elementalist on Oct 14, 2020.
             Killed from afar by Natasha (7 damage)
             ... with a puff of flame
             ... on level 2 of the Dungeon.
             The game lasted 00:05:50 (2281 turns).

Decritt the Gusty (Tengu Air Elementalist)          Turns: 2281, Time: 00:05:50

Health: -4/24      AC:  3    Str:  8    XL:     4   Next: 96%
Magic:  5/9        EV: 12    Int: 17    God:
Gold:   90         SH:  0    Dex: 14    Spells: 7/8 levels left

rFire    . . .     SeeInvis .   h - +0 mace
rCold    . . .     Faith    .   (no shield)
rNeg     . . .     Spirit   .   d - +0 leather armour
rPois    .         Reflect  .   (helmet restricted)
rElec    .         Harm     .   (no cloak)
rCorr    .         Rampage  .   (no gloves)
MR       .....                  (boots unavailable)
Stlth    ++........             (no amulet)
HPRegen  0.08/turn              (no ring)
MPRegen  0.11/turn              (no ring)

@: no status effects
A: beak, talons 3
a: no special abilities


You were on level 2 of the Dungeon.
You visited 1 branch of the dungeon, and saw 2 of its levels.

You collected 90 gold pieces.

Inventory:

Hand Weapons
 c - a +0 whip
 h - a +0 mace (weapon)
Armour
 d - a +0 leather armour (worn)
Scrolls
 b - 3 scrolls of immolation {unknown}
 e - a scroll of identify {unknown}
 g - 2 scrolls of amnesia {unknown}
 j - a scroll of teleportation {unknown}
 l - a scroll of fog {unknown}
Potions
 a - a potion of degeneration {unknown}
 f - a potion of brilliance {unknown}
 i - 2 potions of heal wounds {unknown}
 k - a potion of invisibility {unknown}


   Skills:
 - Level 2.1 Dodging
 - Level 2.0 Stealth
 + Level 2.7 Spellcasting
 * Level 3.9 Conjurations
 * Level 5.4 Air Magic


You had 7 spell levels left.
You knew the following spells:

 Your Spells              Type           Power        Failure   Level
a - Shock                 Conj/Air       ###.         3%          1

Your spell library contained the following spells:

 Spells                   Type           Power        Failure   Level
 Swiftness                Air            ###.....     4%          2
 Static Discharge         Conj/Air       ###.....     12%         3
 Airstrike                Air            ###.......   26%         4
 Lightning Bolt           Conj/Air       ###.......   71%         5


Dungeon Overview and Level Annotations

Branches:
Dungeon (2/15)

Altars:
Wu Jian

Annotations:
D:2 Natasha


Innate Abilities, Weirdness & Mutations

You have a beak for a mouth.
You have claws for feet.


Message History

The rat bites you but does no damage.
The quokka bites you but does no damage.
You miss the quokka. Your kick misses the quokka.
The quokka is severely wounded.
The rat misses you.
Natasha stares at you and mumbles some strange words.
The magic dart hits you. The quokka barely misses you. The rat bites you.
* * * LOW HITPOINT WARNING * * *
Natasha zaps a wand.
The puff of flame hits you!
* * * LOW HITPOINT WARNING * * *
Your magical contamination has completely faded away.
Casting: Shock (safe; 3% risk of failure)
Confirm with . or Enter, or press ? or * to list all spells.
Aiming: Shock (safe; 3% risk of failure)
Press: ? - help, Shift-Dir - straight line, f/p - quokka
Aim: a quokka (severely wounded)
The zap hits the quokka.
You kill the quokka!
Natasha zaps a wand.
The puff of flame hits you!
You die...

# ##.....## .#
##.#.......#..#
#..#.......#..# .
#......_......# .#
#.......#..# ####.
#.......#..# .... ###
##..rh.##..# #.. ..
#..####†####..# #.# #.
#......@......###.#####.
..#####.#..##..)........
#.#.###.###.#####.
#.......##.#..†...
......########.######
##.##.# ##.# .. ..#
#...# .. ##.# #...# . ..
#...#


You could see Natasha and a rat.

Vanquished Creatures
  Natasha (D:2)
  3 adders (D:2)
  2 oozes
  2 dart slugs (D:1)
  3 leopard geckos
  3 bats
  2 giant cockroaches
  5 goblins
  A hobgoblin (D:1)
  3 jackals (D:2)
  12 kobolds
  A quokka (D:2)
  3 frilled lizards
  6 rats
47 creatures vanquished.

Notes
Turn   | Place    | Note
-------+----------+-------------------------------------------
     0 | D:1      | Decritt the Tengu Air Elementalist began the quest for the
                  | Orb.
     0 | D:1      | Reached XP level 1. HP: 10/10 MP: 4/4
    93 | D:1      | Reached XP level 2. HP: 13/15 MP: 0/6
   498 | D:1      | Reached XP level 3. HP: 15/19 MP: 4/7
  1029 | D:2      | Reached skill level 5 in Air Magic
  1178 | D:2      | Reached XP level 4. HP: 20/24 MP: 8/8
  1909 | D:2      | Noticed Natasha
  1915 | D:2      | Killed Natasha
  2267 | D:2      | Found an ornate altar of the Wu Jian Council.
  2269 | D:2      | Noticed Natasha
  2281 | D:2      | Killed from afar by Natasha

Illustrated notes

Levels and vault maps discovered:
D:1:      minmay_arrival_glassed_features, layout_basic
D:2:      layout_loops_cross, old_standard_altar, okawaru_metal_pillars_1_2,
          uniq_natasha, uniq_sigmund, uniq_jessica

Skill      XL: |  1  2  3 |
---------------+----------+-----
Conjurations   | 2 3 |  3.9
Air Magic      | 5 |  5.4
Dodging        | |  2.1
Stealth        | |  2.0
Spellcasting   | |  2.7

Action                   |  1- 3 |  4- 6 || total
-------------------------+-------+-------++-------
Melee: Whip              |    14 |       ||    14
       Peck              |     8 |     4 ||    12
       Unarmed           |     1 |       ||     1
       Mace              |    22 |    41 ||    63
       Kick              |     5 |     3 ||     8
 Cast: Shock             |    43 |    10 ||    53
 Stab: Sleeping          |     1 |       ||     1
Armor: Robe              |     1 |       ||     1
       Leather armour    |    10 |    22 ||    32
Dodge: Dodged            |    33 |    47 ||    80

Table legend: (Time is in decaauts)
 A = Elapsed time spent in this place.
 B = Non-inter-level travel time spent in this place.
 C = Inter-level travel time spent in this place.
 D = Time resting spent in this place.
 E = Time spent auto-exploring this place.
 F = Levels seen in this place.
 G = Mean time per level.
                   A        B        C        D        E       F      G
               +--------+--------+--------+--------+--------+-----+--------+
         Total |   2306 |   2261 |     45 |    397 |   1453 |   2 | 1153.0 |
       Dungeon |   2306 |   2261 |     45 |    397 |   1453 |   2 | 1153.0 |
               +--------+--------+--------+--------+--------+-----+--------+

Top non-repeatable levels by time:
     D:2: 1299 daAuts
     D:1: 1007 daAuts
